 Dungeon Crawl Stone Soup version 0.28.0-53-g5a82cb258f (webtiles) character file.

Game seed: 12154988861161523508

59 Infinimo the Insei (level 4, -3/33 HPs)
             Began as a Merfolk Transmuter on June 10, 2022.
             Slain by an adder (4 damage)
             ... on level 2 of the Dungeon.
             The game lasted 00:01:40 (2330 turns).

Infinimo the Insei (Merfolk Transmuter)             Turns: 2330, Time: 00:01:40

Health: -3/33      AC:  2    Str:  8 (10) XL:     4   Next: 3%
Magic:  5/7        EV: 13    Int: 12 (14) God:
Gold:   138        SH:  0    Dex: 13 (14) Spells: 4/7 levels left

rFire   . . .      SeeInvis .     - Unarmed
rCold   . . .      Faith    .   (no shield)
rNeg    . . .      Spirit   .   a - +0 robe
rPois   .          Reflect  .   (no helmet)
rElec   .          Harm     .   (no cloak)
rCorr   .          Rampage  .   (no gloves)
Will    .....                   (no boots)
Stlth   +.........              (no amulet)
HPRegen 0.11/turn               (no ring)
MPRegen 0.10/turn               (no ring)

@: lethally poisoned (-3 -> -6)
A: (nimble swimmer 2), mertail
a: no special abilities


You were on level 2 of the Dungeon.
You visited 1 branch of the dungeon, and saw 2 of its levels.

You collected 138 gold pieces.

Inventory:

Armour
 a - a +0 robe (worn)
Scrolls
 b - 2 scrolls of noise {unknown}
 c - a scroll of enchant weapon {unknown}
 d - a scroll of teleportation {unknown}
 e - 3 scrolls of identify {unknown}


   Skills:
 + Level 1.8 Fighting
 + Level 3.4 Dodging
 * Level 4.1 Unarmed Combat
 + Level 2.3 Spellcasting
 + Level 3.2 Transmutations


You had 4 spell levels left.
You knew the following spells:

 Your Spells              Type           Power      Damage    Failure   Level
a - Beastly Appendage     Tmut           18%        N/A       7%          1
b - Wereblood             Tmut           9%         N/A       11%         2

Your spell library contained the following spells:

 Spells                   Type           Power      Damage    Failure   Level
 Spider Form              Tmut/Pois      5%         N/A       38%         3
 Ice Form                 Ice/Tmut       5%         N/A       80%         4


Dungeon Overview and Level Annotations

Branches:
Dungeon (2/15)

Altars:

Shops:
D:1 =


Innate Abilities, Weirdness & Mutations

((You are very nimble when in or above water. (Stealth+, EV+, Speed+++)))
Your lower body shifts to a powerful aquatic tail in water.


Message History

You closely miss the adder.
The adder is lightly wounded.
You howl as the wereblood boils in your veins!
The adder bites you but does no damage.
You hit the adder.
The adder is severely wounded.
The adder misses you. The adder bites you.
You are poisoned.
The adder poisons you!
You miss the adder.
The adder is severely wounded.
You howl as the wereblood boils in your veins!
You feel sick. The adder barely misses you.
You barely miss the adder.
The adder is severely wounded.
You feel sick. The adder barely misses you.
You completely miss the adder.
The adder is severely wounded.
Your primal bloodlust has ended.
You feel sick. The adder bites you.
* * * LOW HITPOINT WARNING * * *
You closely miss the adder.
The adder is severely wounded.
You feel sick.
You are no longer poisoned.
The adder barely misses you. The adder bites you.
* * * LOW HITPOINT WARNING * * *
You are lethally poisoned!
The adder poisons you!
It was a potion of degeneration.
There was something very wrong with that liquid.
You feel weakened.
You feel dopey.
You feel clumsy.
* * * LOW HITPOINT WARNING * * *
You feel sick. The adder bites you.
* * * LOW HITPOINT WARNING * * *
You closely miss the adder.
The adder is severely wounded.
* * * LOW HITPOINT WARNING * * *
You feel sick. The adder bites you.
You die...

...... ...... ...#
##.... ....! ...# #
.## #..###...##
##... #.........#..
...## #...#.......
....# #.......#
'##.## #..##r..# .
.....###
###..##S#.##..
.......# #.....#@#
.... ...#.#.#
#.###†#.#..##
...#.#.# #.#
#..†...# #'##.#.#
#.# ##.##.##
#.##.#.###.# #.# ..
#..........# #.# ..
.........### #.##
### .....)...####
#..# #
............####.#.#


You could see an adder and a quokka.

Vanquished Creatures
  2 gnolls (D:1)
  2 worms (D:2)
  3 endoplasms
  3 giant cockroaches
  5 goblins
  3 hobgoblins
  2 kobolds (D:1)
  A quokka (D:1)
  3 ball pythons
  4 bats
  3 frilled lizards
  A rat (D:1)
32 creatures vanquished.

Notes
Turn   | Place    | Note
-------+----------+-------------------------------------------
     0 | D:1      | Infinimo the Merfolk Transmuter began the quest for the
                  | Orb.
     0 | D:1      | Reached XP level 1. HP: 15/15 MP: 3/3
   355 | D:1      | Reached XP level 2. HP: 16/21 MP: 5/5
   361 | D:1      | HP: 1/21 [kobold/+0 short sword (4)]
   828 | D:1      | Found a faded altar of an unknown god.
  1125 | D:1      | Reached XP level 3. HP: 26/26 MP: 6/6
  1428 | D:1      | Found Qackinug's Jewellery Boutique.
  2046 | D:2      | Learned a level 2 spell: Wereblood
  2072 | D:2      | Reached skill level 4 in Unarmed Combat
  2317 | D:2      | Reached XP level 4. HP: 21/33 MP: 4/7
  2330 | D:2      | HP: 1/33 [poisoned by an adder]
  2330 | D:2      | Slain by an adder

Illustrated notes

Levels and vault maps discovered:
D:1:      minmay_arrival_stair_chambers, layout_basic,
          hellmonk_ecumenical_altar_crossroads, serial_shops,
          nicolae_shop_crystal, minmay_misc_feat_secret_circle,
          palyth_stone_intersect, chequers_serial_rivers_room_b,
          wander_ebering_terrifying_dragon_lair
D:2:      layout_basic, basic_altar, minivault_5

Skill      XL: |  1  2  3 |
---------------+----------+-----
Dodging        | 3 |  3.4
Transmutations | 3 |  3.2
Unarmed Combat | 4 |  4.1
Fighting       | |  1.8
Spellcasting   | |  2.3

Action                   |  1- 3 |  4- 6 || total
-------------------------+-------+-------++-------
Melee: Unarmed           |   105 |     9 ||   114
       Headbutt          |    12 |       ||    12
       Punch             |     1 |       ||     1
 Cast: Beastly Appendage |     7 |       ||     7
       Wereblood         |     3 |       ||     3
  Use: Potion            |       |     1 ||     1
 Stab: Sleeping          |     1 |       ||     1
Armor: Robe              |    15 |     1 ||    16
Dodge: Dodged            |    65 |     6 ||    71
